 Dungeon Crawl Stone Soup version 0.27.1-1-g398f81649c (webtiles) character file.

Game seed: 5994702979347394283

25 GameOver the Sneak (level 3, -1/28 HPs)
             Began as a Naga Hedge Wizard on Sept 12, 2021.
             Slain by a centaur warrior zombie (3 damage)
             ... on level 6 of the Dungeon.
             The game lasted 00:07:07 (1629 turns).

GameOver the Sneak (Naga Hedge Wizard)              Turns: 1629, Time: 00:07:07

Health: -1/28      AC:  3    Str:  9 (12) XL:     3   Next: 6%
Magic:  0/7        EV:  9    Int: 13 (15) God:
Gold:   97         SH:  0    Dex:  7 (10) Spells: 5/8 levels left

rFire    . . .     SeeInvis +   w - +0 short sword
rCold    . . .     Faith    +   (no shield)
rNeg     . . .     Spirit   .   b - +0 robe
rPois    +         Reflect  .   c - +0 hat
rElec    .         Harm     .   m - +0 cloak
rCorr    .         Rampage  .   (no gloves)
Will     .....                  (no barding)
Stlth    ++........             l - amulet of faith
HPRegen  0.09/turn              i - +4 ring of slaying
MPRegen  0.10/turn              (no ring)

@: very slow
A: AC +1, large, see invisible, deformed body, poison resistance, slowness 2,
spit poison 1, naga tail 1
a: Spit Poison


You were on level 6 of the Dungeon.
You visited 1 branch of the dungeon, and saw 4 of its levels.

You collected 97 gold pieces.

Inventory:

Hand Weapons
 q - a +0 hunting sling
 w - a +0 short sword (weapon)
Missiles
 f - 46 stones
Armour
 b - a +0 robe (worn)
 c - a +0 hat (worn)
 m - a +0 cloak (worn)
Jewellery
 i - a +4 ring of slaying (left hand)
 l - an amulet of faith (around neck)
Scrolls
 e - 3 scrolls of silence
Potions
 d - a potion of degeneration


   Skills:
 - Level 1.5 Dodging
 - Level 3.0 Stealth
 - Level 3.0 Spellcasting
 + Level 2.9 Conjurations
 - Level 1.0 Summonings
 - Level 1.0 Translocations


You had 5 spell levels left.
You knew the following spells:

 Your Spells              Type           Power      Damage    Failure   Level
a - Magic Dart            Conj           36%        1d4       7%          1
b - Blink                 Tloc           N/A        N/A       22%         2

Your spell library contained the following spells:

 Spells                   Type           Power      Damage    Failure   Level
 Call Imp                 Summ           4%         N/A       22%         2
 Slow                     Hex            1%         N/A       34%         2
 Conjure Flame            Conj/Fire      5%         6-21      36%         3
 Lesser Beckoning         Tloc           2%         N/A       41%         3
 Mephitic Cloud           Conj/Pois/Air  4%         N/A       43%         3
 Manifold Assault         Tloc           4%         N/A       99%         5


Dungeon Overview and Level Annotations

Branches:
Dungeon (3/15)

Altars:
Fedhas
Sif Muna

Annotations:
D:2 Terence


Innate Abilities, Weirdness & Mutations

Your serpentine skin is tough. (AC +1)
You have supernaturally acute eyesight. (SInv)
Armour fits poorly on your strangely shaped body.
Your system is resistant to poisons. (rPois)
You cover ground very slowly.
You can spit poison.
You have a snake-like lower body.


Message History

The centaur warrior zombie kicks you but does no damage.
You barely miss the centaur warrior zombie.
The centaur warrior zombie is severely damaged.
The centaur warrior zombie hits you.
* * * LOW HITPOINT WARNING * * *
The centaur warrior zombie kicks you but does no damage.
Unknown command.
You hit the centaur warrior zombie.
The centaur warrior zombie is severely damaged.
The centaur warrior zombie hits you but does no damage.
The centaur warrior zombie kicks you but does no damage.
The centaur warrior zombie barely misses you.
The centaur warrior zombie kicks you but does no damage.
Unknown command.
Casting: Magic Dart (safe; 7% risk of failure)
Confirm with . or Enter, or press ? or * to list all spells.
Aiming: Magic Dart (safe; 7% risk of failure)
Press: ? - help, Shift-Dir - straight line, f/p - centaur warrior zombie
Aim: a centaur warrior zombie (severely damaged, 100% to hit)
The magic dart hits the centaur warrior zombie.
The centaur warrior zombie is severely damaged.
The centaur warrior zombie closely misses you.
The centaur warrior zombie kicks you but does no damage.
Unknown command.
Unknown command.
You hit the centaur warrior zombie.
The centaur warrior zombie is severely damaged.
The centaur warrior zombie completely misses you.
The centaur warrior zombie kicks you but does no damage.
You barely miss the centaur warrior zombie.
The centaur warrior zombie is severely damaged.
The centaur warrior zombie barely misses you.
The centaur warrior zombie kicks you but does no damage.
The centaur warrior zombie hits you but does no damage.
The centaur warrior zombie kicks you.
* * * LOW HITPOINT WARNING * * *
You hit the centaur warrior zombie.
The centaur warrior zombie is almost destroyed.
The centaur warrior zombie hits you.
You die...

..........## ###...#
..# ....##.....##
(.## ...
....##......## .#.#
..O ....##.......##
###.. ....##........#
##. ...####.......# .
..#8##8#......####
############..'..#
############..'.@#
..#8##8#......#.Z#
...####.......#....#
....##........##.#.#
....##.......##..#...
....##......## ...
.... ....##.....##
...#......
..........## .....
#### #........##
..... #


You could see a centaur warrior zombie.

Vanquished Creatures
  An adder (D:2)
  A dart slug (D:2)
  A ball python (D:2)
  3 endoplasms
  2 goblins (D:2)
  2 kobolds
  3 bats
13 creatures vanquished.

Notes
Turn   | Place    | Note
-------+----------+-------------------------------------------
     0 | D:1      | GameOver the Naga Hedge Wizard began the quest for the Orb.
     0 | D:1      | Reached XP level 1. HP: 15/15 MP: 4/4
   687 | D:2      | Reached XP level 2. HP: 14/22 MP: 0/6
   933 | D:2      | Found a shimmering blue altar of Sif Muna.
   958 | D:2      | Found a faded altar of an unknown god.
   989 | D:2      | Noticed Terence
  1273 | D:2      | Reached XP level 3. HP: 28/28 MP: 7/7
  1276 | D:2      | Learned a level 2 spell: Blink
  1280 | D:2      | Learned a level 3 spell: Lesser Beckoning
  1344 | D:3      | Found a blossoming altar of Fedhas.
  1357 | D:3      | You fall into a shaft and drop 3 floors!
  1454 | D:6      | Noticed an ogre
  1512 | D:6      | Noticed a bullfrog
  1598 | D:6      | Noticed a centaur warrior zombie
  1629 | D:6      | Slain by a centaur warrior zombie

Illustrated notes

Levels and vault maps discovered:
D:1:      dpeg_arrival_renting, layout_basic, minmay_misc_feat_x
D:2:      layout_basic, basic_altar, shapermc_ecumenical_altar_totnotflames,
          grunt_ministairs_12, minmay_door_square, uniq_terence
D:3:      layout_loops_ring, fedhas_altar_1, serial_shops, shop,
          guppyfry_early_lair_pool
D:6:      layout_loops_cross, kennysheep_cross_room, hangedman_decor_growths

Skill      XL: |  1 |
---------------+----+-----
Conjurations   | 2 |  2.9
Dodging        | |  1.5
Stealth        | |  3.0
Spellcasting   | |  3.0
Summonings     | |  1.0
Translocations | |  1.0

Action                   || total
-------------------------++-------
Melee: Short sword       ||    15
 Cast: Magic Dart        ||    21
 Abil: Spit Poison       ||    15
  Use: Scroll            ||     3
       Potion            ||     3
Armor: Robe              ||    31
Dodge: Dodged            ||    21
